 Dungeon Crawl Stone Soup version 0.20-a0-869-gcf33cab (webtiles) character file.

181 BrendanD the Sneak (level 5, -2/27 HPs)
             Began as a Spriggan Assassin on Mar 13, 2017.
             Slain by an orc
             ... wielding a +0 flail
              (9 damage)
             ... on level 3 of the Dungeon.
             The game lasted 00:08:51 (2182 turns).

BrendanD the Sneak (Spriggan Assassin)              Turns: 2182, Time: 00:08:51

Health: -2/27      AC:  3    Str:  7    XL:     5   Next: 34%
Magic:  6/6        EV: 19    Int: 12    God:
Gold:   154        SH:  0    Dex: 19    Spells: 4/4 levels left

rFire    . . .     SeeInvis +   u - +4 hand axe
rCold    . . .     Gourm    .   c - +0 robe
rNeg     . . .     Faith    .   (shield restricted)
rPois    .         Spirit   .   (helmet restricted)
rElec    .         Reflect  .   d - +0 cloak
rCorr    .         Harm     .   (gloves unavailable)
MR       .....                  (boots unavailable)
Stlth    ++++......             (no amulet)
Regen    0.1/turn               (no ring)
MPRegen  0.1/turn               (no ring)

@: very quick
A: unfitting armour, see invisible, herbivore 3, speed 3, slow metabolism 2
a: no special abilities


You were on level 3 of the Dungeon.
You were not hungry.

You visited 1 branch of the dungeon, and saw 3 of its levels.

You collected 154 gold pieces.

Inventory:

Hand Weapons
 a - a +2 dagger
 b - a +0 blowgun
 u - a +4 hand axe (weapon)
Missiles
 e - 23 poisoned needles (quivered)
 f - 2 curare-tipped needles
 m - 45 bolts
Armour
 c - a +0 robe (worn)
 d - a +0 cloak (worn)
 o - a +1 pair of gloves
 t - a +0 robe
Scrolls
 j - a scroll of identify {unknown}
 k - a scroll of noise {unknown}
 n - a scroll of amnesia {unknown}
 p - a scroll of random uselessness {unknown}
 q - a scroll of fear {unknown}
Potions
 h - a potion of agility {unknown}
 i - a potion of might {unknown}
 l - a potion of mutation {unknown}
 r - 2 potions of heal wounds {unknown}
 s - 2 potions of curing {unknown}
Comestibles
 g - 2 bread rations


   Skills:
 + Level 2.7 Fighting
 + Level 3.2 Short Blades
 + Level 2.8 Throwing
 + Level 3.2 Dodging
 + Level 7.1 Stealth


You had 4 spell levels left.
You didn't know any spells.

Dungeon Overview and Level Annotations

Branches:
Dungeon (3/15)

Altars:
Fedhas
Kikubaaqudgha


Innate Abilities, Weirdness & Mutations

You are very small and have problems with some larger weapons.
You are too small for most types of armour.
You have supernaturally acute eyesight. (SInv)
You are a herbivore.
You cover ground extremely quickly.
You need consume almost no food.


Message History

You see here 16 arrows.
You strike the helpless quokka from behind!
You hit the quokka.
You kill the quokka!
An orc comes into view. It is wielding a flail.
An orc comes into view. It is wielding a mace.
The orc shouts!
An orc comes into view. It is wielding a trident.
An orc comes into view. It is wielding a flail.
The orc shouts!
The orc hits you with a flail!
* * * LOW HITPOINT WARNING * * *
The orc shouts!
You hit the orc.
The orc is moderately wounded.
The orc barely misses you.
You hit the orc.
The orc is heavily wounded.
The orc hits you with a flail!
You die...

# #### ## ##..# .#######
####...# .......#
##....#.#
..####.###..####.# ####
#..........#####.##.....
..............<.....#
.............###.####
########..).## #@#
##.......##..# #o#
...#########....o# ####
###oo.# #.... ..#.. ##
.. ...


You could see 4 orcs.

Vanquished Creatures
  A howler monkey (D:3)
  A crimson imp (D:3)
  4 adders
  An ooze (D:1)
  4 worms
  3 dart slugs
  An orc (D:3)
  3 bats
  6 goblins
  4 hobgoblins
  5 jackals
  4 quokkas
  A ball python (D:3)
  3 frilled lizards
  6 kobolds
  5 rats
  A fungus (D:2)
53 creatures vanquished.

Notes
Turn   | Place    | Note
-------+----------+-------------------------------------------
     0 | D:1      | BrendanD the Spriggan Assassin began the quest for the Orb.
     0 | D:1      | Reached XP level 1. HP: 10/10 MP: 2/2
    74 | D:1      | Reached skill level 6 in Stealth
    94 | D:1      | Reached XP level 2. HP: 15/15 MP: 3/3
   519 | D:2      | Found an ancient bone altar of Kikubaaqudgha.
   583 | D:2      | Reached XP level 3. HP: 18/18 MP: 4/4
  1009 | D:2      | Found a blossoming altar of Fedhas.
  1296 | D:2      | Reached XP level 4. HP: 23/23 MP: 5/5
  1904 | D:3      | Reached skill level 7 in Stealth
  1904 | D:3      | Reached XP level 5. HP: 8/27 MP: 6/6
  2182 | D:3      | Slain by an orc

Vault maps used:
D:1:      dpeg_arrival_another_circle
D:2:      kiku_gazebo_pond_becter, fedhas_altar_3
D:3:      first_bread

Skill      XL: |  1  2  3  4 |
---------------+-------------+-----
Stealth        | 6 7 |  7.1
Fighting       | 2 |  2.7
Dodging        | 2 3 |  3.2
Short Blades   | 3 |  3.2
Throwing       | |  2.8

Action                   |  1- 3 |  4- 6 || total
-------------------------+-------+-------++-------
Melee: Dagger            |   142 |    29 ||   171
       Hand axe          |       |    55 ||    55
 Stab: Sleeping          |    12 |       ||    12
       Distracted        |       |     2 ||     2
Armor: Robe              |    12 |     8 ||    20
Dodge: Dodged            |    74 |    65 ||   139
